AoeStats
← Fun_HD

Hideout

503376873Analyzed
2v2 RM · 1mo ago on Aug 31, 2026· 41m 28s· 4 players
Game mode
Random Map
Map size
Medium (4 player)
Population
200
Speed
Normal
Resources
Standard
Victory
Conquest
Starting age
Dark Age
Ending age
Imperial Age
RankedLock teamsTeams togetherTeam positionsShared explorationLock speedFull tech treeHidden civsTurbo modeCheats
Victory
Defeat
🇲🇲 Mongols · Myanmar (Burma)
1095
+15
🇩🇪 Saracens · Germany
1055
+17
🇷🇴 Spanish · Romania
1132
-19
🇫🇷 Franks · France
1037
-14
AnarKey
9:03 Loom
10:50 Feudal Age
12:42 Double-Bit Axe
15:24 Castle Age
17:11 Bow Saw
17:45 Forging
17:42 Scale Barding Armor
19:40 Town Watch
20:36 Wheelbarrow
22:32 Chain Barding Armor
23:26 Town Watch
24:24 Hand Cart
24:39 Forging
24:48 Gold Mining
24:51 Stone Mining
30:04 Imperial Age
28:50 Padded Archer Armor
28:43 Fletching
28:21 Pikeman
29:45 Squires
29:47 Scale Mail Armor
30:04 Leather Archer Armor
30:43 Bodkin Arrow
33:04 Chemistry
32:38 Chain Mail Armor
33:31 Gold Shaft Mining
33:51 Plate Mail Armor
34:02 Ballistics
35:16 Hoardings
36:23 Masonry
Fun_HD
10:56 Feudal Age
11:27 Double-Bit Axe
11:32 Loom
11:46 Gold Mining
11:37 Horse Collar
15:12 Fletching
18:15 Castle Age
17:26 Scale Barding Armor
17:56 Stone Mining
19:08 Pikeman
25:38 Wheelbarrow
26:34 Inquisition
26:49 Bloodlines
26:43 Husbandry
28:20 Sanctity
28:29 Chain Barding Armor
30:37 Hand Cart
31:22 Town Watch
31:41 Padded Archer Armor
32:28 Fervor
35:43 Redemption
37:30 Stone Shaft Mining
37:08 Bow Saw
37:00 Heavy Plow
39:59 Imperial Age
37:32 Town Patrol
39:28 Leather Archer Armor
39:12 Bodkin Arrow
39:27 Forging
39:17 Scale Mail Armor
41:18 Illumination
41:11 Block Printing
King LePrawn James
12:35 Feudal Age
17:39 Castle Age
15:24 Loom
16:19 Stone Mining
16:24 Double-Bit Axe
23:06 Horse Collar
25:16 Forging
25:31 Bloodlines
25:22 Husbandry
25:35 Scale Barding Armor
33:44 Imperial Age
32:19 Ballistics
35:06 Iron Casting
35:35 Gold Mining
36:24 Wheelbarrow
35:35 Town Watch
38:24 Blast Furnace
37:45 Chain Barding Armor
37:54 Conscription
38:10 Parthian Tactics
38:29 Elite Mameluke
hactor
9:52 Feudal Age
14:44 Castle Age
13:18 Double-Bit Axe
13:39 Horse Collar
14:46 Bloodlines
14:33 Gold Mining
15:52 Bow Saw
18:13 Loom
18:41 Husbandry
19:14 Scale Barding Armor
19:45 Heavy Plow
21:58 Town Watch
23:56 Chain Barding Armor
24:12 Fletching
25:52 Wheelbarrow
25:11 Stone Mining
27:32 Hand Cart
28:03 Bodkin Arrow
28:32 Ballistics
33:17 Imperial Age
31:55 Padded Archer Armor
33:24 Elite Mangudai
34:12 Bracer
36:43 Town Patrol
37:46 Chemistry
37:54 Gold Shaft Mining
39:32 Stone Shaft Mining
40:14 Light Cavalry
41:11 Leather Archer Armor
Connection lost

Rejoining the realm…

Still unreachable

The connection could not be restored.

Session expired

The server has moved on; the page needs a fresh start.